Map: Abyssal Reef LE

Players

Juxtapose - Winner!

  • Race: Terran Terran
  • Spawn Location: 11:00

Monty

  • Race: Zerg Zerg
  • Spawn Location: 5:00

VOD

https://youtu.be/lefEuvZZZbg

Description

Looks like I caught my opponent while teching, and lucky for me!

Time

  • Played on: June 1, 2017, 7:45 p.m.
  • Length: 9:40
Show
View Real Time Build Order
Export as new Build Order

Juxtapose Terran - Winner!

Build Orders: MMM Bio 

Get SALT Encoding   

  12  0:01  SCV  
  13  0:13  SCV  
  14  0:18  Supply Depot  
  14  0:25  SCV  
  15  0:40  SCV  
  16  0:45  Barracks  
  16  0:52  SCV  
  16  0:55  Supply Depot  
  17  1:04  SCV  
  18  1:16  SCV  
  19  1:18  Refinery  
  19  1:28  SCV  
  20  1:35  Marine  
  20  1:38  Refinery  
  21  1:40  SCV  
  21  1:44  Supply Depot  
  22  1:52  SCV  
  23  1:54  Marine  
  24  2:05  SCV  
  25  2:13  Barracks Reactor  
  25  2:17  SCV, Barracks  
  26  2:25  Factory  
  26  2:30  Orbital Command  
  26  2:54  Reaper x2  
  27  3:07  SCV  
  27  3:10  Barracks Tech Lab  
  27  3:12  Command Center, Factory Tech Lab  
  28  3:19  Starport  
  27  3:24  SCV  
  28  3:33  Reaper, Marine  
  30  3:43  Supply Depot  
  30  3:51  Stimpack  
  30  4:01  Starport Reactor  
  30  4:12  Marine x2  
  30  4:14  SCV  
  31  4:34  Bunker  
  30  4:42  Marine x3  
  29  5:10  Liberator  
  29  5:21  Bunker  
  32  5:29  Siege Tank  
  32  5:32  Marine x3  
  38  5:49  Orbital Command  
  38  5:52  Combat Shields  
  38  5:53  SCV  
  39  6:02  Siege Tank  
  42  6:05  SCV  
  43  6:11  Medivac x2  
  43  6:13  Marine x3  
  50  6:30  Marine  
  50  6:32  Marine x2  
  52  6:34  Siege Tank  
  56  6:48  Marine  
  56  6:50  Marine x2  
  59  6:57  Barracks  
  59  7:02  Engineering Bay  
  59  7:10  Supply Depot  
  59  7:15  SCV x2  
  61  7:27  SCV  
  62  7:31  SCV, Siege Tank, Marine x2  
  62  7:34  Supply Depot  
  68  7:57  Medivac  
  68  7:58  Medivac  
  72  8:02  SCV x2  
  72  8:04  Siege Tank  
  77  8:06  Refinery  
  77  8:09  Refinery  
  77  8:14  SCV  
  78  8:25  SCV  
  65  8:35  Marine x3  
  65  8:36  Marine  
  69  8:50  Siege Tank  
  69  8:53  Marine x4  
  76  9:07  Medivac  
  76  9:09  Medivac  
  78  9:17  Supply Depot  
Show
View Real Time Build Order
Export as new Build Order

Monty Zerg 

Build Orders: Pool First 

Get SALT Encoding   

  12  0:01  Drone  
  13  0:13  Overlord  
  13  0:17  Drone  
  14  0:31  Drone  
  14  0:32  Drone  
  14  0:35  Drone  
  17  0:47  Spawning Pool  
  16  0:52  Drone  
  17  0:58  Drone  
  18  1:09  Drone  
  19  1:21  Hatchery  
  19  1:22  Drone  
  19  1:25  Extractor  
  18  1:30  Overlord  
  18  1:39  Queen  
  20  1:47  Drone  
  20  1:53  Drone  
  22  2:03  Zergling x2  
  23  2:13  Drone  
  23  2:15  Queen  
  26  2:24  Drone  
  26  2:27  Metabolic Boost  
  27  2:33  Queen  
  27  2:34  Drone  
  30  2:40  Zergling x2  
  31  2:58  Drone x2  
  31  2:59  Drone x2  
  35  3:07  Drone  
  35  3:09  Overlord  
  36  3:24  Overlord  
  36  3:32  Zergling x4  
  36  3:33  Zergling x4  
  39  3:40  Drone x3  
  42  3:50  Lair  
  42  3:55  Hatchery  
  41  4:03  Drone  
  41  4:04  Drone x4  
  41  4:06  Overlord x2  
  46  4:14  Extractor  
  45  4:18  Drone x3  
  45  4:19  Drone  
  49  4:33  Drone x2  
  49  4:34  Drone x2  
  51  4:54  Drone  
  51  4:55  Drone x4  
  55  5:06  Drone x2  
  55  5:14  Extractor x2  
  53  5:23  Drone x5  
  53  5:24  Queen  
  60  5:42  Spire  
  59  5:46  Roach Warren  
  58  5:58  Drone  
  58  5:59  Drone x10  
  58  6:03  Extractor  
  68  6:04  Extractor  
  67  6:24  Evolution Chamber x2  
  65  6:25  Evolution Chamber  
  64  6:34  Drone  
  64  6:35  Drone x7  
  64  6:36  Drone x2  
  74  6:45  Glial Reconstitution  
  74  6:58  Overlord x4  
  74  7:05  Zerg Missile Weapons Level 1, Zerg Melee Weapons Level 1, Zerg Ground Armor Level 1  
  74  7:07  Zerg Flyer Weapons Level 1  
  74  7:13  Infestation Pit  
  73  7:27  Mutalisk  
  73  7:28  Mutalisk x8  
  91  7:31  Zergling x10  
  96  7:45  Zergling x16  
  104  7:51  Hatchery  
  103  8:07  Zergling x2  
  103  8:08  Zergling x4  
  76  8:38  Roach  
  76  8:39  Roach x9  
  85  9:07  Zergling x2  
  85  9:08  Zergling x12  
  64  9:22  Zergling x8  
Tags
 
Composition
MMM Bio
Matchup
TvZ
Opening
Pool First
Spawn Locations
Cross Positions
Add a new tag
Caveats
  • Supply blocks, unpowered buildings, or Contaminate may cause inaccurate times.
  • Supply counts are checked every 10 seconds.